Map: Blackburn LE

Players

Reynor

  • Race: Zerg Zerg
  • League: Master

Lambo - Winner!

  • Race: Zerg Zerg
  • League: Grandmaster

Event: DreamHack SC2 Masters 2021 Summer

VOD

Have the link to the VOD?

Description

Time

  • Played on: June 6, 2021, 12:23 p.m.
  • Length: 12:37

All games in this series

Show
View Real Time Build Order
Export as new Build Order

Reynor Zerg 

Build Orders: Hatch First, Lurkers, Zergling Baneling 

Get SALT Encoding   

  12  0:00  Drone  
  13  0:12  Overlord  
  13  0:16  Drone  
  14  0:30  Drone x2  
  16  0:48  Hatchery  
  15  0:51  Drone  
  15  0:55  Drone  
  17  0:58  Drone  
  18  1:09  Extractor  
  17  1:13  Spawning Pool  
  17  1:17  Drone  
  17  1:19  Drone  
  18  1:27  Drone  
  19  1:38  Drone  
  20  1:48  Overlord  
  20  2:00  Zergling x2, Queen x2  
  20  2:01  Zergling x2  
  26  2:11  Zergling x2  
  26  2:12  Drone  
  26  2:14  Metabolic Boost  
  28  2:22  Drone x2  
  30  2:32  Drone  
  31  2:42  Drone  
  31  2:43  Hatchery  
  31  2:49  Baneling Nest  
  31  2:50  Drone  
  31  2:59  Overlord  
  31  3:01  Drone  
  31  3:02  Drone  
  31  3:05  Drone  
  33  3:08  Drone  
  33  3:10  Drone  
  35  3:18  Zergling x2  
  35  3:19  Zergling x6  
  39  3:24  Overlord  
  39  3:26  Zergling x2  
  40  3:29  Zergling x2  
  40  3:31  Zergling x2  
  40  3:33  Baneling x2  
  42  3:39  Overlord  
  43  3:41  Drone  
  43  3:45  Evolution Chamber  
  43  3:48  Baneling x2  
  42  3:49  Baneling, Drone x2  
  42  3:55  Overlord  
  44  3:57  Zergling x2  
  44  4:01  Queen  
  45  4:05  Drone  
  45  4:11  Baneling x4  
  45  4:15  Queen  
  45  4:21  Zergling x6  
  48  4:25  Baneling  
  48  4:27  Queen  
  48  4:29  Baneling  
  50  4:35  Baneling  
  50  4:37  Zergling x8  
  54  4:44  Drone x4  
  58  4:47  Overlord  
  58  4:49  Drone  
  58  4:52  Drone  
  59  4:55  Drone x2  
  59  4:59  Drone  
  60  5:00  Drone  
  60  5:01  Drone  
  60  5:05  Overlord  
  61  5:08  Drone  
  61  5:11  Drone x3  
  61  5:12  Drone  
  66  5:17  Zerg Missile Weapons Level 1, Extractor x2  
  64  5:26  Drone x3  
  67  5:29  Roach Warren  
  67  5:30  Drone x2  
  67  5:32  Drone x2  
  67  5:33  Drone  
  71  5:36  Overlord  
  71  5:41  Overlord  
  72  5:42  Drone  
  72  5:46  Spine Crawler x2  
  69  5:54  Overlord  
  69  5:59  Lair  
  69  6:02  Spine Crawler x2  
  67  6:09  Evolution Chamber  
  67  6:10  Roach x3  
  72  6:13  Extractor  
  72  6:14  Roach  
  72  6:17  Roach x2  
  76  6:29  Roach x3  
  76  6:32  Roach x2  
  79  6:40  Zergling x10  
  79  6:41  Overlord  
  79  6:43  Zerg Ground Armor Level 1  
  83  6:52  Roach x4  
  91  6:56  Overlord  
  89  7:11  Spire  
  89  7:14  Roach  
  89  7:15  Roach  
  92  7:16  Zergling x4  
  92  7:20  Overseer  
  94  7:25  Overlord  
  93  7:31  Roach x5  
  101  7:39  Baneling x3  
  101  7:40  Baneling  
  101  7:43  Overlord  
  101  7:52  Hatchery  
  101  7:55  Overlord  
  100  8:06  Drone  
  100  8:10  Overlord  
  101  8:25  Mutalisk x5  
  111  8:28  Roach  
  111  8:31  Roach, Spine Crawler  
  111  8:33  Spine Crawler  
  113  8:37  Drone x3  
  113  8:38  Drone x3  
  119  8:42  Overlord  
  119  8:45  Glial Reconstitution  
  119  8:46  Roach x2  
  119  8:47  Roach  
  125  8:52  Roach  
  127  9:00  Roach x2  
  130  9:07  Overlord  
  130  9:10  Zerg Missile Weapons Level 2  
  130  9:13  Roach  
  131  9:18  Roach x3  
  137  9:27  Roach x2  
  139  9:39  Roach x2  
  139  9:40  Roach x3  
  149  9:55  Hydralisk Den  
  149  9:57  Hatchery  
  147  10:20  Hatchery  
  144  10:35  Lurker Den  
  143  10:39  Roach x3  
  143  10:41  Overlord  
  147  10:48  Hydralisk x6  
  155  10:57  Overlord  
  155  11:01  Ravager x2  
  145  11:15  Roach x3  
  145  11:17  Roach x5  
  139  11:36  Lurker x3  
  142  11:40  Overlord x3  
  136  11:50  Overseer  
  136  11:52  Nydus Network  
  123  12:02  Hatchery  
  123  12:04  Lurker  
  123  12:07  Roach x3  
  127  12:11  Hydralisk  
  127  12:14  Roach x2  
  129  12:24  Lurker  
Show
View Real Time Build Order
Export as new Build Order

Lambo Zerg - Winner!

Build Orders: 3 Hatch before Pool, Zergling Baneling 

Get SALT Encoding   

  12  0:00  Drone  
  13  0:12  Overlord  
  13  0:16  Drone  
  14  0:30  Drone x2  
  16  0:36  Drone  
  17  0:52  Hatchery  
  17  0:54  Drone  
  17  0:58  Drone  
  18  1:18  Hatchery  
  17  1:20  Drone  
  17  1:23  Extractor  
  17  1:34  Spawning Pool  
  17  1:38  Drone  
  17  1:42  Drone  
  17  1:45  Drone  
  19  1:51  Drone  
  20  2:03  Drone  
  21  2:10  Drone  
  22  2:20  Drone  
  22  2:21  Queen  
  22  2:22  Zergling x4  
  27  2:23  Metabolic Boost  
  27  2:30  Drone  
  27  2:32  Zergling x2  
  29  2:37  Queen  
  29  2:43  Drone  
  32  2:45  Overlord  
  32  2:54  Baneling Nest  
  32  2:56  Zergling x2  
  32  3:00  Zergling x4  
  32  3:04  Drone  
  35  3:14  Zergling x4, Drone  
  35  3:15  Zergling x2  
  35  3:19  Overlord  
  39  3:22  Overlord  
  39  3:25  Zergling x4  
  41  3:30  Zergling x2  
  41  3:34  Overlord  
  42  3:38  Baneling x3  
  42  3:41  Baneling x2  
  42  3:43  Zergling x6  
  42  3:46  Baneling  
  42  3:48  Zergling x4  
  47  4:01  Zergling x12  
  51  4:05  Overlord  
  51  4:08  Overlord  
  48  4:11  Baneling x3  
  48  4:15  Drone x2  
  48  4:21  Baneling  
  48  4:24  Drone  
  48  4:25  Baneling  
  48  4:27  Drone x4  
  48  4:31  Drone  
  53  4:40  Roach Warren, Drone  
  53  4:41  Extractor  
  52  4:47  Drone x4  
  55  4:56  Drone  
  55  4:57  Drone x2  
  57  5:05  Extractor  
  57  5:06  Queen  
  58  5:07  Overlord  
  58  5:19  Overlord  
  58  5:22  Roach  
  58  5:23  Roach x6  
  58  5:27  Roach  
  58  5:28  Roach  
  75  5:31  Overlord  
  75  5:39  Roach x3  
  81  5:45  Roach x2  
  81  5:48  Zergling x6  
  86  5:55  Zergling x4  
  88  6:02  Zergling x8  
  92  6:10  Zergling x10  
  92  6:11  Baneling x3  
  96  6:21  Zergling x6  
  95  6:27  Zergling x6  
  94  6:34  Zergling x2  
  94  6:35  Zergling x6  
  94  6:37  Lair  
  96  6:40  Evolution Chamber, Drone x2  
  96  6:43  Drone  
  98  6:51  Extractor  
  98  6:52  Drone  
  97  6:57  Overlord  
  97  7:07  Zerg Missile Weapons Level 1  
  97  7:09  Overlord  
  97  7:10  Evolution Chamber  
  96  7:15  Drone x9  
  96  7:20  Overlord  
  96  7:21  Overlord  
  105  7:28  Drone x2  
  109  7:33  Drone x2  
  113  7:38  Extractor  
  113  7:40  Drone x3  
  117  7:47  Glial Reconstitution  
  117  7:50  Drone x2  
  119  7:57  Overlord  
  124  7:58  Roach x8  
  128  8:06  Zergling x4  
  128  8:07  Overlord x2  
  128  8:08  Zerg Ground Armor Level 1  
  128  8:12  Extractor  
  129  8:14  Overlord  
  129  8:16  Roach x4  
  129  8:17  Ravager  
  129  8:18  Overlord  
  137  8:20  Overlord  
  137  8:25  Roach  
  137  8:26  Overlord  
  139  8:27  Roach, Ravager  
  139  8:28  Ravager  
  139  8:30  Roach x2  
  147  8:37  Roach  
  147  8:39  Roach x3  
  147  8:41  Roach x2  
  157  8:44  Roach  
  157  8:47  Overlord  
  157  8:48  Ravager x3  
  164  8:50  Roach  
  164  8:52  Roach  
  164  8:53  Roach  
  170  8:58  Roach x3  
  176  9:05  Overlord  
  176  9:06  Hydralisk Den  
  169  9:12  Spore Crawler  
  169  9:13  Spore Crawler x2  
  164  9:18  Pneumatized Carapace  
  164  9:19  Drone x3  
  164  9:21  Drone x3  
  170  9:26  Spore Crawler x2  
  170  9:31  Spore Crawler x2  
  166  9:32  Spore Crawler  
  166  9:33  Drone x2  
  166  9:36  Drone  
  167  9:41  Hydralisk x3, Muscular Augments  
  167  9:44  Hydralisk  
  175  9:50  Hydralisk x2  
  178  9:54  Hydralisk x2  
  178  9:58  Hydralisk  
  184  10:06  Hatchery  
  180  10:10  Hydralisk x2  
  184  10:17  Overlord x2  
  184  10:19  Zerg Missile Weapons Level 2  
  183  10:28  Hydralisk  
  183  10:30  Roach  
  183  10:33  Hydralisk  
  184  10:38  Drone x2  
  184  10:41  Roach x3  
  184  10:42  Roach  
  195  10:43  Ravager x2  
  195  10:46  Overseer  
  194  10:52  Roach x3  
  196  11:07  Roach x2  
  189  11:11  Roach x5  
  189  11:15  Roach  
  189  11:16  Roach  
  189  11:17  Roach  
  194  11:20  Roach x4  
  194  11:25  Roach  
  194  11:26  Roach  
  194  11:28  Drone x3  
  197  11:40  Drone x2  
  197  11:42  Infestation Pit  
  195  11:50  Roach x2  
  199  12:15  Drone x7  
  199  12:18  Spore Crawler  
  198  12:23  Extractor  
  198  12:27  Extractor  
Tags
 
Add a new tag
Caveats
  • Supply blocks, unpowered buildings, or Contaminate may cause inaccurate times.
  • Supply counts are checked every 10 seconds.